Map: Ice and Chrome LE

Players

HeroMarine

  • Race: Terran Terran
  • Spawn Location: 7:00

Trap - Winner!

  • Race: Protoss Protoss
  • Spawn Location: 1:00

Event: DreamHack SC2 Masters 2020 Summer Season Finals

VOD

Have the link to the VOD?

Description

Time

  • Played on: July 18, 2020, 9:58 a.m.
  • Length: 8:19

All games in this series

Show
View Real Time Build Order
Export as new Build Order

HeroMarine Terran 

Build Orders:  

Get SALT Encoding   

  12  0:01  SCV  
  13  0:13  SCV  
  14  0:17  Supply Depot  
  14  0:25  SCV  
  15  0:38  SCV  
  15  0:40  Barracks  
  16  0:43  Refinery  
  16  0:50  SCV  
  17  1:03  SCV  
  18  1:15  SCV  
  19  1:26  Marine  
  19  1:27  Orbital Command  
  20  1:48  Command Center  
  20  1:54  Factory  
  20  1:55  SCV  
  21  2:03  Barracks Reactor  
  21  2:07  SCV  
  22  2:11  Supply Depot  
  22  2:13  Refinery  
  22  2:19  SCV  
  23  2:33  SCV  
  24  2:42  Starport  
  24  2:44  Hellion  
  24  2:45  SCV, Hellion  
  29  2:52  Barracks Tech Lab  
  29  2:57  SCV  
  30  3:06  Orbital Command  
  30  3:09  SCV  
  31  3:20  Widow Mine  
  31  3:21  SCV, Marine  
  31  3:22  Marine  
  34  3:33  SCV  
  33  3:39  Marine x2  
  34  3:47  SCV, Supply Depot  
  34  3:48  Viking  
  36  3:50  Cyclone  
  36  3:53  Supply Depot  
  39  3:56  SCV  
  39  3:57  Marine x2  
  39  3:59  SCV  
  43  4:08  SCV  
  44  4:11  SCV  
  44  4:15  Marine x2  
  47  4:21  Medivac  
  47  4:22  SCV, Siege Tank  
  47  4:23  SCV  
  54  4:28  Supply Depot  
  54  4:33  Marine x2  
  54  4:36  SCV x2  
  58  4:45  Supply Depot  
  58  4:50  Marine  
  58  4:51  Viking, Marine  
  58  4:52  SCV x2  
  64  4:54  Siege Tank  
  67  5:04  SCV x2  
  68  5:08  Supply Depot, Marine x2  
  64  5:16  SCV x2  
  57  5:26  Marine x2, Siege Tank  
  57  5:28  SCV x2  
  61  5:31  Liberator  
  65  5:40  SCV, Barracks  
  65  5:41  Barracks  
  66  5:44  Marine x2  
  66  5:45  Engineering Bay  
  66  5:48  SCV  
  69  5:57  SCV, Refinery  
  69  5:59  Siege Tank  
  69  6:00  SCV  
  69  6:02  Marine x2  
  75  6:13  SCV x2  
  75  6:14  Starport Tech Lab  
  75  6:15  Supply Depot  
  77  6:19  Marine  
  77  6:20  Marine  
  79  6:27  Refinery  
  79  6:28  Command Center  
  79  6:37  Marine x2  
  79  6:39  SCV  
  82  6:40  SCV  
  82  6:44  Starport Reactor, Factory Reactor  
  83  6:47  Marine x2  
  83  6:52  Supply Depot  
  83  6:53  SCV x2  
  87  6:55  Marine x2  
  87  7:01  Barracks  
  89  7:03  Supply Depot, Barracks  
  89  7:07  Supply Depot, Marauder x2  
  93  7:13  Marine x2  
  95  7:15  Supply Depot  
  95  7:24  Medivac, Widow Mine x2  
  95  7:25  Medivac  
  95  7:28  Supply Depot  
  103  7:36  Marauder x2  
  107  7:38  Marine x2  
  105  7:44  SCV x2  
  89  7:54  Widow Mine x2  
  89  7:56  SCV x2  
  66  7:59  Marine x3  
Show
View Real Time Build Order
Export as new Build Order

Trap Protoss - Winner!

Build Orders: 1 Gate Expand, Oracle Opening 

Get SALT Encoding   

  12  0:00  Probe  
  13  0:12  Probe  
  14  0:17  Pylon  
  14  0:24  Probe  
  15  0:32  Probe  
  15  0:35  Gateway  
  15  0:40  Probe  
  16  0:45  Assimilator  
  17  0:51  Probe  
  18  1:03  Probe  
  19  1:15  Probe  
  20  1:22  Nexus  
  20  1:32  Cybernetics Core  
  20  1:36  Probe  
  21  1:43  Assimilator  
  21  1:48  Probe  
  21  1:53  Pylon  
  21  2:00  Probe  
  22  2:01  Adept  
  22  2:12  Probe  
  25  2:15  Stargate  
  25  2:21  Adept  
  25  2:23  Warp Gate  
  25  2:24  Probe  
  26  2:31  Probe  
  29  2:38  Probe  
  29  2:39  Probe  
  31  2:49  Probe  
  31  2:50  Probe  
  33  2:52  Oracle, Adept  
  35  3:02  Probe x2  
  40  3:08  Pylon  
  40  3:15  Probe x2  
  42  3:23  Oracle  
  42  3:27  Probe x2  
  46  3:40  Probe x2  
  47  3:43  Gateway  
  47  3:45  Gateway  
  47  3:52  Oracle  
  47  3:53  Probe x2  
  52  4:04  Pylon  
  52  4:05  Probe x2  
  54  4:21  Nexus  
  54  4:22  Phoenix  
  54  4:26  Stalker  
  58  4:33  Probe x2  
  58  4:34  Pylon  
  60  4:38  Stalker  
  62  4:47  Assimilator  
  62  4:49  Pylon, Assimilator  
  62  4:53  Stalker  
  62  4:54  Stalker  
  62  4:56  Probe x2  
  66  5:08  Probe x2  
  63  5:20  Probe x2  
  63  5:27  Stalker  
  63  5:28  Stalker x2  
  65  5:30  Probe  
  65  5:32  Probe  
  65  5:33  Probe  
  65  5:38  Probe  
  65  5:40  Pylon  
  65  5:41  Probe, Forge  
  67  5:43  Twilight Council  
  67  5:44  Probe  
  67  5:47  Probe, Phoenix  
  67  5:51  Probe  
  67  5:57  Probe, Charge  
  72  5:59  Probe  
  72  6:03  Probe  
  74  6:05  Gateway  
  74  6:06  Gateway  
  74  6:08  Gateway  
  74  6:10  Phoenix  
  74  6:15  Gateway  
  74  6:16  Gateway  
  76  6:21  Shield Battery  
  76  6:27  Probe x3  
  76  6:31  Sentry, Zealot  
  76  6:32  Zealot, Phoenix  
  85  6:36  Pylon  
  85  6:41  Pylon  
  85  6:55  Phoenix  
  85  6:58  Probe x2  
  85  6:59  Probe  
  90  7:02  Assimilator, Robotics Facility  
  90  7:04  Assimilator  
  90  7:05  Zealot x4  
  98  7:13  Zealot x3  
  104  7:16  Zealot  
  104  7:19  Pylon  
  104  7:21  Pylon  
  106  7:24  Phoenix  
  106  7:30  Stalker x2  
  107  7:45  Zealot x2  
  107  7:46  Zealot x4  
  107  7:50  Probe x3  
  109  8:03  Probe x3  
  99  8:10  Zealot x7  
Tags
 
Add a new tag
Caveats
  • Supply blocks, unpowered buildings, or Contaminate may cause inaccurate times.
  • Supply counts are checked every 10 seconds.